 Dungeon Crawl Stone Soup version 0.27.1-1-g398f81649c (webtiles) character file.

Game seed: 11991621347514710753

5 chaosape the Vexing (level 1, 0/20 HPs)
             Began as a Gnoll Wanderer on Sept 17, 2021.
             Slain by a kobold (4 damage)
             ... on level 1 of the Dungeon.
             The game lasted 00:01:16 (297 turns).

chaosape the Vexing (Gnoll Wanderer)                 Turns: 297, Time: 00:01:17

Health: 0/20       AC:  3    Str: 13    XL:     1   Next: 80%
Magic:  1/1        EV: 11    Int: 12    God:
Gold:   0          SH:  0    Dex:  8    Spells: 0/0 levels left

rFire    . . .     SeeInvis .   a - +0 club
rCold    . . .     Faith    .   (no shield)
rNeg     . . .     Spirit   .   d - +0 leather armour
rPois    .         Reflect  .   (no helmet)
rElec    .         Harm     .   (no cloak)
rCorr    .         Rampage  .   (no gloves)
Will     .....                  (no boots)
Stlth    +.........             (no amulet)
HPRegen  0.06/turn              (no ring)
MPRegen  0.07/turn              (no ring)

@: no status effects
A: fangs 1, strong nose, distributed training
a: no special abilities


You were on level 1 of the Dungeon.
You visited 1 branch of the dungeon, and saw 1 of its levels.

Inventory:

Hand Weapons
 a - a +0 club (weapon)
Armour
 b - a +0 robe
 d - a +0 leather armour (worn)
Potions
 c - a potion of lignification


   Skills:
 + Level 4.4 Fighting
 + Level 0.1 Short Blades
 + Level 0.1 Long Blades
 + Level 0.1 Axes
 + Level 0.1 Maces & Flails
 + Level 0.1 Polearms
 + Level 2.4 Staves
 + Level 0.1 Slings
 + Level 0.1 Bows
 + Level 0.1 Crossbows
 + Level 0.1 Throwing
 + Level 0.1 Armour
 + Level 0.1 Dodging
 + Level 0.1 Stealth
 + Level 2.4 Shields
 + Level 0.1 Unarmed Combat
 + Level 0.1 Spellcasting
 + Level 0.1 Conjurations
 + Level 7.0 Hexes
 + Level 0.1 Summonings
 + Level 0.1 Necromancy
 + Level 0.1 Translocations
 + Level 0.1 Transmutations
 + Level 0.1 Fire Magic
 + Level 0.1 Ice Magic
 + Level 0.1 Air Magic
 + Level 2.0 Earth Magic
 + Level 0.1 Poison Magic
 + Level 0.2 Invocations
 + Level 2.4 Evocations


You couldn't memorise any spells.
You didn't know any spells.
Your spell library contained the following spells:

 Spells                   Type           Power      Damage    Failure   Level
 Corona                   Hex            18%        N/A       2%          1
 Confusing Touch          Hex            17%        N/A       7%          3
 Tukima's Dance           Hex            17%        N/A       7%          3
 Ensorcelled Hibernation  Hex/Ice        16%        N/A       14%         2
 Dazzling Flash           Conj/Hex       16%        N/A       28%         3
 Magic Dart               Conj           0%         1d3       38%         1


Dungeon Overview and Level Annotations

Branches:
Dungeon (1/15)

Altars:


Innate Abilities, Weirdness & Mutations

You have very sharp teeth.
Your uncanny sense of smell can sniff out nearby items.
Your experience applies equally to all skills.


Message History

You barely miss the kobold.
The kobold hits you with a +0 short sword.
You hit the kobold but do no damage. The kobold closely misses you. x2
You barely miss the quokka. The quokka closely misses you.
The kobold hits you with a +0 short sword.
You barely miss the quokka. The quokka bites you.
The kobold hits you with a +0 short sword.
The quokka closely misses you.
You are too injured to fight recklessly!
You are too injured to fight recklessly!
You are too injured to fight recklessly!
You closely miss the quokka. The quokka barely misses you.
The quokka bites you.
You completely miss the quokka. The quokka misses you.
You hit the quokka.
The quokka is moderately wounded.
The quokka twitches its whiskers.
The quokka bites you but does no damage.
The quokka closely misses you.
You hit the quokka.
The quokka is heavily wounded.
The quokka closely misses you.
You barely miss the quokka.
The quokka is heavily wounded.
The quokka barely misses you.
The quokka bites you but does no damage.
You hit the quokka.
The quokka is severely wounded.
The quokka bites you but does no damage.
The quokka barely misses you.
You closely miss the quokka.
The quokka is severely wounded.
The quokka bites you.
* * * LOW HITPOINT WARNING * * *
You hit the quokka.
You kill the quokka!
The kobold barely misses you.
You closely miss the kobold.
The kobold hits you with a +0 short sword.
You die...

#.# .# # #.# .# .# #.#
#.# ###.# ##.## #.#
....### .####...##
#.####.......
.........####.........#
####...........J#.#
#.#######.###K## #. #.#
#@# #. #.# #.# #. #.#
#.####### #>###........
#............
.#######.###########
.........# ##########


You could see an endoplasm and a kobold.

Vanquished Creatures
  A ball python (D:1)
  A hobgoblin (D:1)
  A quokka (D:1)
  2 frilled lizards (D:1)
5 creatures vanquished.

Vanquished Creatures (others)
  A toadstool (D:1)
1 creature vanquished.

Grand Total: 6 creatures vanquished

Notes
Turn   | Place    | Note
-------+----------+-------------------------------------------
     0 | D:1      | chaosape the Gnoll Wanderer began the quest for the Orb.
     0 | D:1      | chaosape set off with the following items: a +0 club, a +0
                  | robe, a potion of lignification; and the following spells
                  | available to memorise: Corona, Confusing Touch, Tukima's
                  | Dance, Ensorcelled Hibernation, Dazzling Flash, Magic Dart
     0 | D:1      | Reached XP level 1. HP: 20/20 MP: 1/1
   134 | D:1      | Found a faded altar of an unknown god.
   297 | D:1      | Slain by a kobold

Illustrated notes

Levels and vault maps discovered:
D:1:      nagdon_arrival_zigzag_paths, layout_loops_ring,
          dreamdust_ecumenical_altar_angels_and_demons

Skill      XL: |  1 |
---------------+----+-----
Earth Magic    | 2 |  2.0
Fighting       | |  4.4
Short Blades   | |  0.1
Long Blades    | |  0.1
Axes           | |  0.1
Maces & Flails | |  0.1
Polearms       | |  0.1
Staves         | |  2.4
Slings         | |  0.1
Bows           | |  0.1
Crossbows      | |  0.1
Throwing       | |  0.1
Armour         | |  0.1
Dodging        | |  0.1
Stealth        | |  0.1
Shields        | |  2.4
Unarmed Combat | |  0.1
Spellcasting   | |  0.1
Conjurations   | |  0.1
Hexes          | |  7.0
Summonings     | |  0.1
Necromancy     | |  0.1
Translocations | |  0.1
Transmutations | |  0.1
Fire Magic     | |  0.1
Ice Magic      | |  0.1
Air Magic      | |  0.1
Poison Magic   | |  0.1
Invocations    | |  0.2
Evocations     | |  2.4

Action                   || total
-------------------------++-------
Melee: Club              ||    24
       Bite              ||     1
Armor: Leather armour    ||     4
Dodge: Dodged            ||    18
